TOP OF THE 1ST |
Kansas City Royals batting - Pitching for Chicago White Sox : RHP Adam Ratcliff
|
Pitching: RHP Adam Ratcliff
|
|
Batting: SHB Jose Pacheco
|
0-0: Ball 1-0: Ball 2-0: Fly out, F8 (Flyball, 8LD, EV 103.8 MPH)
|
Batting: RHB Matt Belgard
|
0-0: Ball 1-0: Called Strike 1-1: Foul Ball, location: 2F 1-2: Foul Ball, location: 2F 1-2: Ground out 6-3 (Groundball, 56, EV 83.1 MPH)
|
Batting: RHB Mike Jaquez
|
0-0: Ball 1-0: Swinging Strike 1-1: Foul Ball, location: 2F 1-2: Strikes out swinging
|
Top of the 1st over - 0 runs, 0 hits, 0 errors, 0 left on base; Kansas City 0 - Chicago 0 |
BOTTOM OF THE 1ST |
Chicago White Sox batting - Pitching for Kansas City Royals : RHP Skyler Webster
|
Pitching: RHP Skyler Webster
|
|
Batting: SHB Alfie Bungledorf
|
0-0: Foul Ball, location: 2F 0-1: Ball 1-1: Foul Ball, location: 2F 1-2: Ball 2-2: Strikes out swinging
|
Batting: SHB Bartholomeu Chambino
|
0-0: Called Strike 0-1: Swinging Strike 0-2: Strikes out swinging
|
Batting: LHB Randy Rosenberry
|
0-0: Ball 1-0: Foul Ball, location: 2F 1-1: Ball 2-1: Ball 3-1: SOLO HOME RUN (Flyball, 9LD, EV 91.9 MPH), Distance : 347 ft
|
Batting: RHB Joseph Disepolo
|
0-0: Ball 1-0: Swinging Strike 1-1: Ball 2-1: Fly out, F8 (Flyball, 78M, EV 87.5 MPH)
|
Bottom of the 1st over - 1 run, 1 hit, 0 errors, 0 left on base; Kansas City 0 - Chicago 1 |
TOP OF THE 2ND |
Kansas City Royals batting - Pitching for Chicago White Sox : RHP Adam Ratcliff
|
Batting: LHB Roman Downey
|
0-0: Ball 1-0: Called Strike 1-1: Foul Ball, location: 2F 1-2: SINGLE (Groundball, 4D, EV 95.0 MPH)
|
Batting: LHB Pete Hansel
|
0-0: Swinging Strike 0-1: Grounds into double play, 6-4-3 (Groundball, 6, EV 77.5 MPH)
|
Batting: SHB Gil Switzer
|
0-0: Ball 1-0: Ball 2-0: Ball 3-0: Base on Balls
|
Batting: LHB Justin Rupert
|
0-0: Ball 1-0: SINGLE (Groundball, 3D, EV 100.0 MPH) Gil Switzer to second Runner from 2nd tries for 3rd, SAFE, throw by RF made to third
|
Batting: LHB Sam Britt
|
0-0: Ball 1-0: Ball 2-0: Foul Ball, location: 2F 2-1: Swinging Strike 2-2: Foul Ball, location: 2F 2-2: Strikes out swinging
|
Top of the 2nd over - 0 runs, 2 hits, 0 errors, 2 left on base; Kansas City 0 - Chicago 1 |
BOTTOM OF THE 2ND |
Chicago White Sox batting - Pitching for Kansas City Royals : RHP Skyler Webster
|
Batting: SHB Gus Berry
|
0-0: Called Strike 0-1: Called Strike 0-2: Ball 1-2: Ball 2-2: Foul Ball, location: 2F 2-2: Ball 3-2: Foul Ball, location: 2F 3-2: Strikes out looking
|
Batting: RHB Dietmar Warmisch
|
0-0: SINGLE (Groundball, 4MD, EV 100.6 MPH)
|
Batting: RHB Dieter Knoops
|
0-0: Swinging Strike 0-1: Called Strike 0-2: Ball 1-2: Fly out, F6 (Flyball, 6MD, EV 83.8 MPH)
|
Batting: LHB Sidney Pedder
|
0-0: Ball 1-0: Ball 2-0: Foul Ball, location: 2F 2-1: Foul Ball, location: 2F 2-2: Reached on error, E8 (Flyball, 8RM, EV 96.2 MPH) Dietmar Warmisch to third
|
Batting: RHB Brad Boals
|
0-0: Ball 1-0: 3-RUN HOME RUN (Flyball, 89XD, EV 105.0 MPH), Distance : 390 ft
|
Batting: SHB Alfie Bungledorf
|
0-0: Fly out, F8 (Flyball, 8LD, EV 95.0 MPH)
|
Bottom of the 2nd over - 3 runs, 2 hits, 1 error, 0 left on base; Kansas City 0 - Chicago 4 |
TOP OF THE 3RD |
Kansas City Royals batting - Pitching for Chicago White Sox : RHP Adam Ratcliff
|
Batting: RHB Mikolas Markus
|
0-0: Ball 1-0: Foul Ball, location: 2F 1-1: Ground out 6-3 (Groundball, 6, EV 82.5 MPH)
|
Batting: SHB Jose Pacheco
|
0-0: Foul Ball, location: 2F 0-1: Ball 1-1: Ball 2-1: SINGLE (Groundball, 4D, EV 97.5 MPH)
|
Batting: RHB Matt Belgard
|
0-0: Called Strike 0-1: Swinging Strike 0-2: Ball 1-2: Strikes out looking
|
Batting: RHB Mike Jaquez
|
0-0: Called Strike 0-1: Hit by Pitch Jose Pacheco to second
|
Batting: LHB Roman Downey
|
0-0: Foul Ball, location: 2F 0-1: Called Strike 0-2: Ball 1-2: Foul Ball, location: 2F 1-2: Ball 2-2: Ball 3-2: Base on Balls Jose Pacheco to third Mike Jaquez to second
|
Batting: LHB Pete Hansel
|
0-0: Ball 1-0: GRAND SLAM HOME RUN (Flyball, 89XD, EV 101.9 MPH), Distance : 397 ft
|
Batting: SHB Gil Switzer
|
0-0: Swinging Strike 0-1: Fly out, F6 (Popup, 6S, EV 69.4 MPH)
|
Top of the 3rd over - 4 runs, 2 hits, 0 errors, 0 left on base; Kansas City 4 - Chicago 4 |
BOTTOM OF THE 3RD |
Chicago White Sox batting - Pitching for Kansas City Royals : RHP Skyler Webster
|
Batting: SHB Bartholomeu Chambino
|
0-0: Ball 1-0: Called Strike 1-1: Swinging Strike 1-2: Ball 2-2: Strikes out swinging
|
Batting: LHB Randy Rosenberry
|
0-0: Ball 1-0: Foul Ball, location: 2F 1-1: Ball 2-1: Ball 3-1: Hit by Pitch
|
Batting: RHB Joseph Disepolo
|
0-0: Ball 1-0: Ball 2-0: Called Strike 2-1: Foul Ball, location: 2F 2-2: Ball 3-2: SINGLE (Line Drive, 89M, EV 98.1 MPH) Randy Rosenberry to second Randy Rosenberry to third
|
Batting: SHB Gus Berry
|
0-0: SINGLE (Groundball, 23, EV 73.8 MPH) (infield hit) Joseph Disepolo to second
|
Batting: RHB Dietmar Warmisch
|
0-0: Called Strike 0-1: Called Strike 0-2: SINGLE (Flyball, 9S, EV 85.0 MPH) Randy Rosenberry scores Joseph Disepolo to third Gus Berry to second Runner from 3rd tries for Home, SAFE, throw by RF to home
|
Pitching: LHP John Brooks
|
|
Batting: RHB Dieter Knoops
|
0-0: Called Strike 0-1: Ball 1-1: Ball Gus Berry steals 3rd base 2-1: Fielders Choice at 2nd, 5-4 (Groundball, 5, EV 96.2 MPH) Gus Berry scores
|
Batting: LHB Sidney Pedder
|
0-0: Foul Ball, location: 2F 0-1: Called Strike 0-2: Strikes out swinging
|
Bottom of the 3rd over - 3 runs, 3 hits, 0 errors, 1 left on base; Kansas City 4 - Chicago 7 |
TOP OF THE 4TH |
Kansas City Royals batting - Pitching for Chicago White Sox : RHP Adam Ratcliff
|
Batting: LHB Justin Rupert
|
0-0: Ball 1-0: Foul Ball, location: 2F 1-1: Foul Ball, location: 2F 1-2: Ball 2-2: Foul Ball, location: 2F 2-2: Foul Ball, location: 2F 2-2: Ball 3-2: Fly out, F8 (Flyball, 8LXD, EV 103.1 MPH)
|
Batting: LHB Sam Britt
|
0-0: Fly out, F9 (Line Drive, 89M, EV 91.9 MPH)
|
Batting: RHB Mikolas Markus
|
0-0: Swinging Strike 0-1: Fly out, F8 (Flyball, 8RXD, EV 92.5 MPH)
|
Top of the 4th over - 0 runs, 0 hits, 0 errors, 0 left on base; Kansas City 4 - Chicago 7 |
BOTTOM OF THE 4TH |
Chicago White Sox batting - Pitching for Kansas City Royals : LHP John Brooks
|
Batting: RHB Brad Boals
|
0-0: Foul Ball, location: 2F 0-1: Called Strike 0-2: SINGLE (Groundball, 4S, EV 73.8 MPH) (infield hit)
|
Batting: SHB Alfie Bungledorf
|
0-0: 2-RUN HOME RUN (Flyball, 7D, EV 101.2 MPH), Distance : 397 ft
|
Batting: SHB Bartholomeu Chambino
|
0-0: Swinging Strike 0-1: Ball 1-1: Ball 2-1: Ground out 6-3 (Groundball, 6, EV 96.2 MPH)
|
Batting: LHB Randy Rosenberry
|
0-0: Called Strike 0-1: Ball 1-1: Fly out, F7 (Flyball, 7D, EV 84.4 MPH)
|
Batting: RHB Joseph Disepolo
|
0-0: Foul Ball, location: 2F 0-1: Ball 1-1: Ball 2-1: SINGLE (Line Drive, 89S, EV 91.2 MPH)
|
Batting: SHB Gus Berry
|
0-0: SINGLE (Groundball, 6S, EV 58.1 MPH) (infield hit) Joseph Disepolo to second
|
Batting: RHB Dietmar Warmisch
|
0-0: Ball 1-0: Ball 2-0: Called Strike 2-1: Ball 3-1: Base on Balls Joseph Disepolo to third Gus Berry to second
|
Batting: RHB Dieter Knoops
|
0-0: Fly out, F4 (Popup, 4, EV 76.9 MPH)
|
Bottom of the 4th over - 2 runs, 4 hits, 0 errors, 3 left on base; Kansas City 4 - Chicago 9 |
TOP OF THE 5TH |
Kansas City Royals batting - Pitching for Chicago White Sox : RHP Adam Ratcliff
|
Batting: SHB Jose Pacheco
|
0-0: Called Strike 0-1: Foul Ball, location: 2F 0-2: Ball 1-2: Strikes out swinging
|
Batting: RHB Matt Belgard
|
0-0: Ball 1-0: Ground out 2-3 (Groundball, 2R, EV 62.5 MPH)
|
Batting: RHB Mike Jaquez
|
0-0: Foul Ball, location: 2F 0-1: Swinging Strike 0-2: Foul Ball, location: 2F 0-2: Ball 1-2: Foul Ball, location: 2F 1-2: Strikes out swinging
|
Top of the 5th over - 0 runs, 0 hits, 0 errors, 0 left on base; Kansas City 4 - Chicago 9 |
BOTTOM OF THE 5TH |
Chicago White Sox batting - Pitching for Kansas City Royals : LHP John Brooks
|
Batting: LHB Sidney Pedder
|
0-0: Ball 1-0: Ball 2-0: Called Strike 2-1: Swinging Strike 2-2: Ball 3-2: SINGLE (Groundball, 4MS, EV 70.0 MPH) (infield hit)
|
Pitching: LHP Chris Eaker
|
|
Batting: RHB Brad Boals
|
0-0: Ball 1-0: Ball 2-0: Foul Ball, location: 2F 2-1: Called Strike 2-2: Grounds into double play, 5-4-3 (Groundball, 56, EV 111.2 MPH)
|
Batting: SHB Alfie Bungledorf
|
0-0: Ball 1-0: Ball 2-0: SINGLE (Flyball, 8LS, EV 95.6 MPH)
|
Batting: SHB Bartholomeu Chambino
|
0-0: DOUBLE (Flyball, 78D, EV 89.4 MPH) Alfie Bungledorf to third Runner from 3rd tries for Home, SAFE, no throw by LF
|
Batting: LHB Randy Rosenberry
|
0-0: Foul Ball, location: 2F 0-1: Foul Ball, location: 2F 0-2: Strikes out swinging
|
Bottom of the 5th over - 1 run, 3 hits, 0 errors, 1 left on base; Kansas City 4 - Chicago 10 |
TOP OF THE 6TH |
Kansas City Royals batting - Pitching for Chicago White Sox : RHP Adam Ratcliff
|
Pitching: RHP Allen Speidel
|
|
Batting: LHB Roman Downey
|
0-0: Called Strike 0-1: Ball 1-1: Called Strike 1-2: Foul Ball, location: 2F 1-2: Strikes out swinging
|
Batting: LHB Pete Hansel
|
0-0: DOUBLE (Flyball, 9LD, EV 106.2 MPH)
|
Batting: SHB Gil Switzer
|
0-0: Swinging Strike 0-1: Called Strike 0-2: Foul Ball, location: 2F 0-2: Ball 1-2: Ball 2-2: Ball 3-2: Ground out U3 (Groundball, 3, EV 88.1 MPH) Pete Hansel to third
|
Batting: LHB Justin Rupert
|
0-0: Ball 1-0: Ball 2-0: Ball 3-0: Base on Balls
|
Batting: LHB Sam Britt
|
0-0: Called Strike 0-1: Ball 1-1: Swinging Strike 1-2: Hit by Pitch Justin Rupert to second
|
Pinch Hitting: LHB Robby Diaz
|
0-0: Ball 1-0: Fly out, F8 (Line Drive, 8LS, EV 91.2 MPH)
|
Top of the 6th over - 0 runs, 1 hit, 0 errors, 3 left on base; Kansas City 4 - Chicago 10 |
BOTTOM OF THE 6TH |
Chicago White Sox batting - Pitching for Kansas City Royals : LHP Chris Eaker
|
Now at 3B: Ken Postlethwaite
|
|
Batting: RHB Joseph Disepolo
|
0-0: Called Strike 0-1: Foul Ball, location: 2F 0-2: Ball 1-2: Ball 2-2: Strikes out swinging
|
Batting: SHB Gus Berry
|
0-0: Ball 1-0: Ball 2-0: Swinging Strike 2-1: Called Strike 2-2: Fly out, F9 (Flyball, 9, EV 93.1 MPH)
|
Batting: RHB Dietmar Warmisch
|
0-0: Ball 1-0: SOLO HOME RUN (Flyball, 78XD, EV 100.0 MPH), Distance : 383 ft
|
Batting: RHB Dieter Knoops
|
0-0: Swinging Strike 0-1: Ball 1-1: Ground out 6-3 (Groundball, 6, EV 108.1 MPH)
|
Bottom of the 6th over - 1 run, 1 hit, 0 errors, 0 left on base; Kansas City 4 - Chicago 11 |
TOP OF THE 7TH |
Kansas City Royals batting - Pitching for Chicago White Sox : RHP Allen Speidel
|
Now in CF: Kikuo Sato
|
|
Batting: SHB Jose Pacheco
|
0-0: Ball 1-0: Called Strike 1-1: Fly out, F7 (Flyball, 78M, EV 91.9 MPH)
|
Batting: RHB Matt Belgard
|
0-0: Ball 1-0: Ball 2-0: Called Strike 2-1: Ball 3-1: Foul Ball, location: 2F 3-2: Strikes out swinging
|
Batting: RHB Mike Jaquez
|
0-0: Foul Ball, location: 2F 0-1: Ball 1-1: Called Strike 1-2: Foul Ball, location: 2F 1-2: Ball 2-2: Strikes out looking
|
Top of the 7th over - 0 runs, 0 hits, 0 errors, 0 left on base; Kansas City 4 - Chicago 11 |
BOTTOM OF THE 7TH |
Chicago White Sox batting - Pitching for Kansas City Royals : LHP Chris Eaker
|
Pitching: RHP David Silva
|
|
Batting: LHB Sidney Pedder
|
0-0: Called Strike 0-1: Called Strike 0-2: Ball 1-2: Foul Ball, location: 2F 1-2: Foul Ball, location: 2F 1-2: Ball 2-2: Ground out U3 (Groundball, 34, EV 85.0 MPH)
|
Batting: RHB Brad Boals
|
0-0: Ball 1-0: Swinging Strike 1-1: Ball 2-1: Foul Ball, location: 2F 2-2: Strikes out swinging
|
Batting: SHB Alfie Bungledorf
|
0-0: Ground out 5-3 (Groundball, 56S, EV 86.9 MPH)
|
Bottom of the 7th over - 0 runs, 0 hits, 0 errors, 0 left on base; Kansas City 4 - Chicago 11 |
TOP OF THE 8TH |
Kansas City Royals batting - Pitching for Chicago White Sox : RHP Allen Speidel
|
Pitching: RHP Mike Willig
|
|
Batting: LHB Roman Downey
|
0-0: Called Strike 0-1: Ball 1-1: Ball 2-1: Foul Ball, location: 2F 2-2: Foul Ball, location: 2F 2-2: Foul Ball, location: 2F 2-2: SINGLE (Groundball, 4MD, EV 106.9 MPH)
|
Batting: LHB Pete Hansel
|
0-0: Called Strike 0-1: Ball 1-1: Foul Ball, location: 2F 1-2: Foul Ball, location: 2F 1-2: Ball 2-2: 2-RUN HOME RUN (Flyball, 9D, EV 98.1 MPH), Distance : 364 ft
|
Batting: SHB Gil Switzer
|
0-0: Ball 1-0: Fly out, F7 (Flyball, 7S, EV 91.9 MPH)
|
Batting: LHB Justin Rupert
|
0-0: Foul Ball, location: 2F 0-1: Ball 1-1: Ground out 6-3 (Groundball, 6M, EV 98.8 MPH)
|
Batting: LHB Sam Britt
|
0-0: Foul Ball, location: 2F 0-1: Swinging Strike 0-2: Ball 1-2: SOLO HOME RUN (Flyball, 89XD, EV 103.8 MPH), Distance : 404 ft
|
Pitching: LHP Steven Wolf
|
|
Batting: RHB Ken Postlethwaite
|
0-0: Fly out, F7 (Flyball, 7S, EV 85.6 MPH)
|
Top of the 8th over - 3 runs, 3 hits, 0 errors, 0 left on base; Kansas City 7 - Chicago 11 |
BOTTOM OF THE 8TH |
Chicago White Sox batting - Pitching for Kansas City Royals : RHP David Silva
|
Batting: SHB Bartholomeu Chambino
|
0-0: Called Strike 0-1: Ball 1-1: Foul Ball, location: 2F 1-2: Strikes out swinging
|
Batting: RHB Kikuo Sato
|
0-0: Ground out U3 (Groundball, 3L, EV 85.6 MPH)
|
Batting: RHB Joseph Disepolo
|
0-0: Foul Ball, location: 2F 0-1: Foul Ball, location: 2F 0-2: Ball 1-2: Ball 2-2: Ball 3-2: SINGLE (Groundball, 56D, EV 96.2 MPH)
|
Batting: SHB Gus Berry
|
0-0: Ball 1-0: Ball 2-0: SINGLE (Line Drive, 56D, EV 98.1 MPH) Joseph Disepolo to second
|
Batting: RHB Dietmar Warmisch
|
0-0: Called Strike 0-1: Ball 1-1: SINGLE (Line Drive, 34D, EV 94.4 MPH) Joseph Disepolo to third Gus Berry to second Runner from 3rd tries for Home, SAFE, throw by RF to home
|
Batting: RHB Dieter Knoops
|
0-0: Ball 1-0: Fly out, F9 (Line Drive, 89M, EV 88.8 MPH)
|
Bottom of the 8th over - 1 run, 3 hits, 0 errors, 2 left on base; Kansas City 7 - Chicago 12 |
TOP OF THE 9TH |
Kansas City Royals batting - Pitching for Chicago White Sox : LHP Steven Wolf
|
Batting: SHB Jose Pacheco
|
0-0: Hit by Pitch
|
Batting: RHB Matt Belgard
|
0-0: Ball 1-0: Ball 2-0: Swinging Strike 2-1: Ball 3-1: Fielders Choice at 2nd, 5-4 (Groundball, 56, EV 80.0 MPH)
|
Batting: RHB Mike Jaquez
|
0-0: Called Strike 0-1: Swinging Strike 0-2: Strikes out swinging
|
Batting: LHB Roman Downey
|
0-0: Called Strike 0-1: Ball 1-1: Ground out 1-3 (Groundball, 13, EV 63.1 MPH)
|
Top of the 9th over - 0 runs, 0 hits, 0 errors, 1 left on base; Kansas City 7 - Chicago 12 |
|